 Dungeon Crawl Stone Soup version 0.21.1-1-g345015fe64 (webtiles) character file.

47 Lorindel the Skirmisher (level 3, 0/40 HPs)
             Began as an Ogre Fighter on May 3, 2018.
             Slain by a goblin
             ... wielding a +0 dagger
              (1 damage)
             ... on level 2 of the Dungeon.
             The game lasted 00:03:01 (1181 turns).

Lorindel the Skirmisher (Ogre Fighter)              Turns: 1181, Time: 00:03:01

Health: 0/40       AC:  3    Str: 25    XL:     3   Next: 70%
Magic:  5/5        EV:  8    Int: 10    God:
Gold:   72         SH:  9    Dex:  8    Spells: 5/5 levels left

rFire    . . .     SeeInvis .   a - +0 flail
rCold    . . .     Gourm    .   c - +0 shield
rNeg     . . .     Faith    .   b - +0 robe
rPois    .         Spirit   .   (helmet restricted)
rElec    .         Reflect  .   (no cloak)
rCorr    .         Harm     .   (gloves unavailable)
MR       .....                  (boots unavailable)
Stlth    +.........             (no amulet)
HPRegen  0.13/turn              (no ring)
MPRegen  0.09/turn              (no ring)

@: mighty, lethally poisoned (0 -> -2)
A: large, unfitting armour, tough skin 1
a: no special abilities


You were on level 2 of the Dungeon.
You were not hungry.

You visited 1 branch of the dungeon, and saw 2 of its levels.

You collected 72 gold pieces.

Inventory:

Hand Weapons
 a - a +0 flail (weapon)
Armour
 b - a +0 robe (worn)
 c - a +0 shield (worn)
Scrolls
 e - 2 scrolls of amnesia {unknown}
 g - a scroll of blinking {unknown}
 i - a scroll of enchant weapon {unknown}
 l - a scroll of teleportation {unknown}
 p - a scroll of identify {unknown}
Potions
 d - a potion of might
 h - a potion of curing
 k - a potion of degeneration {unknown}
 m - a potion of haste {unknown}
 n - a potion of mutation {unknown}
 o - a potion of ambrosia {unknown}
 q - a potion of flight {unknown}
Comestibles
 f - 3 rations
 j - 9 chunks of flesh


   Skills:
 + Level 4.3 Fighting
 + Level 2.1 Maces & Flails
 + Level 0.7 Armour
 + Level 2.9 Dodging
 + Level 2.9 Shields
 * Level 1.9 Spellcasting


You had 5 spell levels left.
You didn't know any spells.

Dungeon Overview and Level Annotations

Branches:
Dungeon (2/15)

Altars:


Innate Abilities, Weirdness & Mutations

You are too large for most types of armour.
You have tough skin. (AC +1)


Message History

The goblin barely misses you. You block the adder's attack.
You closely miss the adder.
You feel sick. The goblin hits you but does no damage.
You block the adder's attack. The goblin barely misses you.
Your shield prevents you from hitting the adder.
You block the adder's attack. The goblin hits you with a dagger.
* * * LOW HITPOINT WARNING * * *
The adder bites you but does no damage.
You bludgeon the adder!!
You kill the adder!
You feel sick. The goblin hits you with a dagger.
* * * LOW HITPOINT WARNING * * *
The goblin hits you but does no damage.
You barely miss the frilled lizard.
* * * LOW HITPOINT WARNING * * *
You feel sick. The frilled lizard closely misses you.
You block the goblin's attack. The frilled lizard bites you.
* * * LOW HITPOINT WARNING * * *
You closely miss the frilled lizard. The goblin hits you with a dagger.
You die...

.##..# #.# .###.##
#.##### .# #..#
##.....? .#
##.#####...# ##
#.........########
#######..........#
.# #.#.######.#.#..
##..#..####.......
#..[.....@g.%....#
#...####l##........
#### #...........
##...[......
#..........
#.#!.......
..#........
####........


You could see a goblin and a frilled lizard.

Vanquished Creatures
  2 adders (D:2)
  A dart slug (D:2)
  2 leopard geckos
  5 giant cockroaches (D:1)
  2 goblins (D:1)
  3 hobgoblins
  3 kobolds
  2 bats (D:1)
  A frilled lizard (D:1)
  A rat (D:1)
22 creatures vanquished.

Notes
Turn   | Place    | Note
-------+----------+-------------------------------------------
     0 | D:1      | Lorindel the Ogre Fighter began the quest for the Orb.
     0 | D:1      | Reached XP level 1. HP: 24/24 MP: 1/1
   218 | D:1      | Reached XP level 2. HP: 3/32 MP: 3/3
   590 | D:1      | Reached skill level 1 in Spellcasting
  1091 | D:2      | Reached XP level 3. HP: 37/39 MP: 5/5
  1180 | D:2      | HP: 2/40 [poisoned by an adder]
  1181 | D:2      | Slain by a goblin

Skill      XL: |  1  2 |
---------------+-------+-----
Spellcasting   | 1 |  1.9
Maces & Flails | 2 |  2.1
Fighting       | |  4.3
Armour         | |  0.7
Dodging        | |  2.9
Shields        | |  2.9

Action                   || total
-------------------------++-------
Melee: Flail             ||    92
  Use: Potion            ||     2
  Eat: Chunk             ||     1
Armor: Robe              ||    39
Dodge: Dodged            ||    42
Block: Shield            ||    53
